 Dungeon Crawl Stone Soup version 0.24.0-123-gd5b16e6ec5 (webtiles) character file.

Game seed: 14685697907000941832, levelgen mode: deterministic

149 Elellon the Chopper (level 5, -1/45 HPs)
             Began as a Hill Orc Fighter on Jan 20, 2020.
             Slain by an orc wizard
             ... wielding a +0 dagger
              (2 damage)
             ... on level 3 of the Dungeon.
             The game lasted 00:02:10 (1417 turns).

Elellon the Chopper (Hill Orc Fighter)              Turns: 1417, Time: 00:02:11

Health: -1/45      AC:  8    Str: 20    XL:     5   Next: 31%
Magic:  5/5        EV:  7    Int:  8    God:
Gold:   56         SH:  0    Dex: 10    Spells: 4/4 levels left

rFire    . . .     SeeInvis .   a - +0 war axe
rCold    . . .     Gourm    .   c - +0 shield
rNeg     . . .     Faith    .   b - +0 scale mail
rPois    .         Spirit   .   (no helmet)
rElec    .         Reflect  .   g - +0 cloak
rCorr    .         Harm     .   (no gloves)
MR       .....                  (no boots)
Stlth    ..........             (no amulet)
HPRegen  0.15/turn              (no ring)
MPRegen  0.09/turn              (no ring)

@: confused
A: no striking features
a: no special abilities


You were on level 3 of the Dungeon.
You were not hungry.

You visited 1 branch of the dungeon, and saw 3 of its levels.

You collected 56 gold pieces.

Inventory:

Hand Weapons
 a - a +0 war axe (weapon)
Armour
 b - a +0 scale mail (worn)
 c - a +0 shield (worn)
 g - a +0 cloak (worn)
Jewellery
 k - an uncursed ring of stealth {unknown}
 l - a cursed ring of protection from fire {unknown}
 q - an uncursed ring of wizardry {unknown}
Scrolls
 e - 2 scrolls of blinking {unknown}
 i - a scroll of enchant armour {unknown}
 j - a scroll of immolation {unknown}
 m - 4 scrolls of identify {unknown}
 o - 2 scrolls of fear {unknown}
 p - a scroll of remove curse {unknown}
Potions
 d - a potion of might
 n - 2 potions of cancellation {unknown}
 r - a potion of degeneration {unknown}
Comestibles
 f - 5 rations
 h - a chunk of flesh


   Skills:
 - Level 3.6 Fighting
 + Level 7.1 Axes
 - Level 3.2 Armour
 - Level 3.2 Shields


You had 4 spell levels left.
You didn't know any spells.
Your spell library was empty.

Dungeon Overview and Level Annotations

Branches:
Dungeon (3/15)

Altars:
Cheibriados
Zin


Message History

* * * LOW HITPOINT WARNING * * *
The orc completely misses you.
The orc priest casts a cantrip, but nothing happens.
The orc barely misses you. Something hits you.
* * * LOW HITPOINT WARNING * * *
The orc wizard hits you but does no damage.
The orc hits you.
* * * LOW HITPOINT WARNING * * *
The orc priest miscasts a cantrip.
The orc closely misses you.
Unknown command.
Unknown command.
You miss something. You slash the orc!
You kill the orc!
You miss the orc wizard. You hit the orc but do no damage.
You feel yourself speed up. Something hits you but does no damage.
The orc wizard hits you but does no damage.
The orc hits you but does no damage. Something hits you.
You die...

#.###.####
##.###.###
..........# ....
...###.##.# ....
..........#
..o......#....##
...o..##)...#.##
..[.o.#.{......#
......#@######.#
......)oo......#
........########
.......##
....... ......#
...... ......
#+#+##


You could see an orc wizard and an orc.

Vanquished Creatures
  An orc wizard (D:3)
  Jessica (D:2)
  Natasha (D:1)
  3 adders (D:2)
  2 dart slugs
  A leopard gecko (D:2)
  2 orcs (D:3)
  2 goblins (D:2)
  4 hobgoblins
  10 jackals
  2 bats
  2 kobolds
  A quokka skeleton (D:2)
  5 rats
37 creatures vanquished.

Notes
Turn   | Place    | Note
-------+----------+-------------------------------------------
     0 | D:1      | Elellon the Hill Orc Fighter began the quest for the Orb.
     0 | D:1      | Reached XP level 1. HP: 19/19 MP: 1/1
    55 | D:1      | Reached skill level 3 in Axes
   135 | D:1      | Reached XP level 2. HP: 26/26 MP: 2/2
   292 | D:1      | Reached skill level 4 in Axes
   558 | D:2      | Noticed Jessica
   563 | D:2      | Noticed Natasha
   565 | D:2      | Noticed a crimson imp
   567 | D:2      | Killed Jessica
   567 | D:2      | Reached skill level 5 in Axes
   567 | D:2      | Reached XP level 3. HP: 17/31 MP: 3/3
   575 | D:1      | Killed Natasha
   575 | D:1      | Reached XP level 4. HP: 7/39 MP: 4/4
   831 | D:2      | Reached skill level 6 in Axes
  1093 | D:2      | Found a glowing silver altar of Zin.
  1177 | D:2      | Found a snail-covered altar of Cheibriados.
  1314 | D:3      | Reached XP level 5. HP: 45/45 MP: 5/5
  1409 | D:3      | Reached skill level 7 in Axes
  1416 | D:3      | HP: 2/45 [something (5)]
  1417 | D:3      | Slain by an orc wizard

Levels and vault maps discovered:
D:1:      psy_arrival_terrarium, layout_basic, hangedman_decor_riveting,
          minmay_crystal_room
D:2:      layout_rooms, zin_scriptorium, nicolae_overflow_crystal_walls,
          first_ration, uniq_natasha, uniq_jessica
D:3:      layout_basic, chequers_ecumenical_altar_island, nrook_campfire

Skill      XL: |  1  2  3  4  5 |
---------------+----------------+-----
Axes           | 3 5 6 7 |  7.1
Fighting       | |  3.6
Armour         | |  3.2
Shields        | |  3.2

Action                   |  1- 3 |  4- 6 || total
-------------------------+-------+-------++-------
Melee: War axe           |    56 |    84 ||   140
  Eat: Chunk             |       |     2 ||     2
Armor: Scale mail        |    33 |    56 ||    89
Dodge: Dodged            |    18 |    38 ||    56
Block: Shield            |    31 |    50 ||    81
